Map: [ESL] Babylon

Players

Cow (PiG) - Winner!

  • Race: Terran Terran
  • League: Grandmaster
  • Spawn Location: 5:00

Hoss

  • Race: Terran Terran
  • League: Silver
  • Spawn Location: 11:00

VOD

https://www.youtube.com/playlist?list=PLOrKQEirgvjBrkg_LERyoNc_WYX2C2tgI

Description

Time

  • Played on: July 18, 2023, 6:13 p.m.
  • Length: 18:17
Show
View Real Time Build Order
Export as new Build Order

Cow Terran - Winner!

Build Orders:  

Get SALT Encoding   

  12  0:00  SCV  
  13  0:12  SCV  
  14  0:17  Supply Depot  
  14  0:24  SCV  
  15  0:39  SCV  
  15  0:40  Barracks  
  16  0:44  Refinery  
  16  0:51  SCV  
  17  1:03  SCV  
  18  1:15  SCV  
  19  1:29  Orbital Command  
  19  1:30  Barracks Reactor  
  19  1:40  Command Center  
  19  1:50  Supply Depot  
  19  1:55  SCV  
  20  2:07  SCV  
  21  2:08  Marine x2  
  23  2:19  SCV  
  24  2:23  Factory  
  24  2:26  Marine x2  
  26  2:31  Refinery  
  26  2:32  SCV  
  27  2:44  Marine x2, SCV  
  30  2:56  SCV  
  31  3:00  Orbital Command  
  31  3:02  Marine x2  
  33  3:08  SCV  
  34  3:16  Bunker  
  34  3:20  Marine x2, SCV  
  34  3:23  Starport  
  34  3:25  Factory Tech Lab  
  37  3:32  SCV x2  
  39  3:37  Marine x2  
  41  3:44  Siege Tank, SCV x2  
  46  4:04  Supply Depot  
  46  4:05  Supply Depot  
  46  4:20  SCV x2  
  46  4:21  Marine x2  
  46  4:23  Siege Tank  
  46  4:24  Starport Reactor  
  53  4:26  Viking  
  55  4:32  SCV x2  
  55  4:36  Supply Depot x2  
  57  4:44  SCV x2  
  59  4:52  Barracks  
  59  4:53  Barracks  
  59  4:55  Barracks  
  59  4:58  Barracks  
  59  5:13  SCV x2  
  61  5:25  SCV x2  
  63  5:32  Refinery  
  63  5:33  Refinery  
  63  5:34  Engineering Bay  
  63  5:36  Marine x2  
  63  5:37  Siege Tank, SCV  
  63  5:38  Starport Reactor, SCV  
  63  5:40  Supply Depot  
  63  5:42  Supply Depot  
  70  5:49  SCV  
  71  5:50  SCV  
  71  5:55  Barracks Tech Lab x2  
  71  5:56  Barracks Reactor x2  
  72  6:00  Terran Infantry Weapons Level 1  
  72  6:01  SCV  
  73  6:05  Supply Depot  
  73  6:06  Supply Depot  
  73  6:22  Marauder x2, Marine  
  73  6:23  Marine  
  79  6:26  Siege Tank  
  79  6:27  Medivac x2  
  79  6:30  Stimpack, Combat Shield  
  84  6:40  Marine x2  
  84  6:44  Supply Depot  
  84  6:46  Supply Depot  
  86  6:51  Marine x3, Marauder  
  86  6:52  Marine x2  
  93  6:58  Marine, Siege Tank  
  93  6:59  Marine  
  98  7:09  Marine x4  
  98  7:10  Marauder  
  98  7:13  Marauder  
  98  7:15  Supply Depot x2  
  106  7:30  Siege Tank  
  106  7:32  Marauder  
  111  7:40  Marauder, Marine x4  
  111  7:41  Marine x2  
  111  7:44  Medivac x2  
  121  7:49  Concussive Shells, Supply Depot  
  123  7:52  Supply Depot  
  123  7:53  Marauder  
  123  7:58  Marine x5  
  126  7:59  Marine  
  126  8:02  Siege Tank  
  134  8:12  Supply Depot  
  130  8:14  Supply Depot  
  93  8:37  Supply Depot  
  93  8:39  Supply Depot  
  93  9:08  Marauder  
  93  9:09  Marauder, Marine x4  
  99  9:10  Marine x2  
  99  9:12  Siege Tank  
  99  9:13  Medivac x2  
  110  9:18  Supply Depot  
  110  9:19  Supply Depot  
  110  9:20  Terran Infantry Armor Level 1  
  110  9:27  Marine x5  
  110  9:28  Marine  
  110  9:30  Marauder x2  
  120  9:43  Medivac  
  120  9:44  Siege Tank  
  120  9:45  Marine x6  
  128  9:51  Marauder x2  
  135  10:02  Marine  
  135  10:03  Marine x5  
  141  10:13  Marauder  
  143  10:16  Siege Tank  
  117  11:19  SCV  
  117  11:20  SCV  
  119  11:31  SCV  
  119  11:32  SCV  
  121  11:43  Marine x6, Marauder x2  
  121  11:44  Siege Tank, SCV x2  
  121  11:45  Medivac  
  138  11:56  SCV x2  
  138  12:01  Marine x6  
  140  12:04  Marauder  
  140  12:05  Marauder  
  150  12:19  Marine x3  
  153  12:26  Marauder x2  
  157  12:47  Marauder  
  134  13:49  Marauder x2  
  134  13:50  Marine x6  
  134  13:51  Siege Tank  
  134  13:52  Medivac x2  
  134  14:08  Marine x6  
  134  14:10  Marauder  
  134  14:11  Marauder  
  134  14:23  Siege Tank  
  134  14:25  Marine  
  134  14:26  Marine  
  134  14:32  Marauder  
  134  15:31  Command Center  
  134  15:32  Command Center  
  134  15:46  Refinery  
  134  15:52  Refinery  
  134  16:50  Orbital Command  
  134  16:58  Viking  
  134  16:59  Viking  
  134  17:08  Armory  
  134  17:09  Armory  
  134  17:28  Viking  
  134  17:29  Viking  
  134  17:37  Starport  
  134  17:46  Orbital Command  
Show
View Real Time Build Order
Export as new Build Order

Hoss Terran 

Build Orders:  

Get SALT Encoding   

  12  0:01  SCV  
  13  0:13  SCV  
  14  0:17  Supply Depot  
  14  0:25  SCV  
  15  0:39  SCV  
  15  0:40  Barracks  
  16  0:45  Refinery  
  16  1:01  SCV  
  17  1:13  SCV  
  19  1:27  Orbital Command  
  19  1:31  Barracks Reactor  
  18  1:47  Command Center  
  18  1:56  SCV  
  19  2:05  Supply Depot  
  19  2:13  Marine  
  19  2:14  Marine  
  21  2:18  SCV  
  22  2:30  SCV  
  22  2:33  Marine x2  
  25  2:42  SCV  
  26  2:45  Bunker  
  26  2:51  Marine x2  
  26  2:53  Factory  
  26  2:54  SCV  
  26  2:57  Refinery  
  29  3:05  Orbital Command  
  29  3:06  SCV  
  29  3:09  Marine  
  31  3:18  SCV, Supply Depot  
  32  3:29  Marine x2  
  32  3:30  SCV  
  35  3:34  SCV  
  35  3:38  Factory Tech Lab  
  36  3:42  SCV  
  36  3:43  Starport  
  36  3:46  SCV  
  36  3:47  Marine  
  39  3:53  Supply Depot  
  39  3:54  SCV  
  40  3:58  SCV  
  41  4:02  Supply Depot  
  41  4:06  SCV, Supply Depot  
  41  4:08  Marine  
  43  4:10  SCV  
  43  4:16  Supply Depot  
  44  4:25  Viking  
  44  4:27  Siege Tank  
  49  4:34  Barracks  
  49  4:41  SCV x2  
  51  4:47  Refinery  
  51  4:49  Refinery  
  51  4:50  Marine  
  52  4:53  SCV x2  
  52  4:57  Starport Reactor  
  54  5:05  SCV x2  
  56  5:09  Marine x2  
  56  5:10  Siege Tank  
  61  5:18  Barracks  
  61  5:21  Barracks  
  61  5:23  Barracks  
  61  5:26  Supply Depot x2  
  61  5:31  SCV x2  
  61  5:32  Barracks Tech Lab  
  61  5:35  Marine x2  
  65  5:36  Medivac x2  
  69  5:43  SCV x2  
  71  5:52  Marine x2  
  71  5:55  SCV x2  
  73  6:02  Stimpack, Marine  
  74  6:06  Medivac x2  
  74  6:07  SCV x2  
  74  6:10  Marine x2  
  74  6:11  Supply Depot  
  82  6:12  Supply Depot  
  82  6:13  Barracks Tech Lab  
  82  6:14  Barracks Reactor  
  82  6:15  Barracks Reactor  
  82  6:19  Marine  
  82  6:20  Siege Tank  
  82  6:21  SCV  
  87  6:28  Marine  
  88  6:35  Engineering Bay  
  88  6:42  Medivac, Supply Depot  
  88  6:43  Medivac  
  88  6:44  Marine, Marauder x2  
  88  6:46  Marine  
  98  6:53  Siege Tank  
  101  7:01  Supply Depot  
  101  7:02  Marine, SCV x2  
  101  7:03  Marine x2  
  101  7:04  Marine x3  
  109  7:09  Combat Shield  
  109  7:14  SCV x2  
  111  7:16  Marine x2  
  111  7:20  Marine  
  111  7:21  Marine x3  
  111  7:22  Marine x2  
  119  7:25  Widow Mine  
  121  7:34  Marine x2  
  123  7:37  Marine  
  123  7:39  Marine x3  
  127  7:47  Widow Mine  
  118  8:13  Marine x8  
  118  8:14  Siege Tank  
  92  8:31  Marine  
  92  8:34  Marine x7  
  92  8:44  Concussive Shells  
  92  8:46  Siege Tank  
  95  8:48  Medivac  
  95  8:49  Marine  
  95  8:51  Marine  
  95  8:52  Marine x4, Marauder x2  
  107  8:57  Terran Infantry Weapons Level 1  
  107  9:00  Supply Depot  
  107  9:05  Supply Depot  
  107  9:06  Marine  
  107  9:09  Marine  
  109  9:14  Marauder x2  
  113  9:18  Siege Tank  
  116  9:25  Supply Depot  
  116  9:35  Marauder x2  
  120  9:51  Siege Tank  
  107  10:23  Siege Tank  
  103  10:34  Marine x5  
  71  10:55  Siege Tank  
  70  11:07  Marine x8  
  78  11:13  Viking, Supply Depot x2  
  78  11:14  Viking  
  82  11:25  Marine x8  
  82  11:27  Siege Tank  
  93  11:36  Supply Depot  
  93  11:38  Command Center  
  93  11:43  Viking, Marine x2  
  93  11:44  Viking  
  99  11:52  Engineering Bay  
  99  11:55  Armory  
  99  11:56  Missile Turret  
  99  11:59  Siege Tank  
  102  12:13  Viking  
  102  12:14  Viking  
  106  12:20  Terran Infantry Armor Level 1  
  106  12:23  Missile Turret  
  106  12:24  Marine  
  106  12:25  Marauder  
  106  12:28  SCV  
  110  12:31  Siege Tank, SCV  
  114  12:43  Viking  
  114  12:44  Viking  
  62  13:03  Siege Tank  
  59  13:35  Siege Tank  
Tags
 
Add a new tag
Caveats
  • Supply blocks, unpowered buildings, or Contaminate may cause inaccurate times.
  • Supply counts are checked every 10 seconds.